 Dungeon Crawl Stone Soup version 0.22.0-49-gab54619674 (webtiles) character file.

149 JedernureinKreuz the Conjurer (level 5, -6/28 HPs)
             Began as a Deep Elf Conjurer on Sept 7, 2018.
             Was an Initiate of Sif Muna.
             Shot with an arrow by a centaur (7 damage)
             ... on level 3 of the Dungeon.
             The game lasted 00:11:13 (1969 turns).

JedernureinKreuz the Conjurer (Deep Elf Conjurer)   Turns: 1969, Time: 00:11:13

Health: -6/28      AC:  2    Str:  5    XL:     5   Next: 9%
Magic:  6/13       EV: 14    Int: 21    God:    Sif Muna [......]
Gold:   135        SH:  0    Dex: 15    Spells: 11/12 levels left

rFire    . . .     SeeInvis .   b - +0 short sword
rCold    . . .     Gourm    .   (no shield)
rNeg     . . .     Faith    .   a - +0 robe
rPois    .         Spirit   .   (no helmet)
rElec    .         Reflect  .   (no cloak)
rCorr    +         Harm     .   (no gloves)
MR       .....                  (no boots)
Stlth    +++.......             (no amulet)
HPRegen  0.09/turn              g - ring of resist corrosion
MPRegen  0.13/turn              (no ring)

@: no status effects
A: no striking features
a: Renounce Religion


You were on level 3 of the Dungeon.
You worshipped Sif Muna.
Sif Muna was noncommittal.
You were not hungry.

You visited 1 branch of the dungeon, and saw 3 of its levels.

You collected 135 gold pieces.

Inventory:

Hand Weapons
 b - a +0 short sword (weapon)
Armour
 a - a +0 robe (worn)
Jewellery
 g - a ring of resist corrosion (left hand)
Scrolls
 d - a scroll of teleportation {unknown}
 e - 3 scrolls of fog {unknown}
 f - 3 scrolls of identify {unknown}
 h - a scroll of enchant weapon {unknown}
 i - 2 scrolls of remove curse {unknown}
 k - 4 scrolls of enchant armour {unknown}
Potions
 j - a potion of curing {unknown}
 l - 2 potions of heal wounds {unknown}
 m - a potion of might {unknown}
 o - a potion of lignification {unknown}
Comestibles
 c - 6 rations


   Skills:
 + Level 1.7 Short Blades
 + Level 3.6 Dodging
 + Level 3.7 Stealth
 + Level 4.2 Spellcasting
 + Level 5.0 Conjurations


You had 11 spell levels left.
You knew the following spells:

 Your Spells              Type           Power        Failure   Level  Hunger
a - Magic Dart            Conj           ####         1%          1    None

Your spell library contained the following spells:

 Spells                   Type           Power        Failure   Level  Hunger
 Searing Ray              Conj           ####..       2%          2    #......
 Dazzling Spray           Conj/Hex       ##....       13%         3    ###....
 Iskenderun's Mystic Bla  Conj           ####....     14%         4    ####...
 Force Lance              Conj/Tloc      ##......     38%         4    ####...
 Fulminant Prism          Conj/Hex       ##........   38%         4    ####...


Dungeon Overview and Level Annotations

Branches:
Dungeon (3/15)

Altars:
Cheibriados
Sif Muna
Trog
Zin


Message History

The centaur shouts!
The centaur wields a shortbow.
The centaur shoots an arrow.
The arrow hits you!
Casting: Magic Dart (safe; 1% risk of failure)
Confirm with . or Enter, or press ? or * to list all spells.
Aiming: Magic Dart (safe; 1% risk of failure)
Press: ? - help, Shift-Dir - straight line, f/p - centaur
Aim: a centaur, wielding a shortbow The magic dart hits the centaur.
The centaur is lightly wounded.
The centaur shoots an arrow.
The arrow hits you!
* * * LOW HITPOINT WARNING * * *
Casting: Magic Dart (safe; 1% risk of failure)
Confirm with . or Enter, or press ? or * to list all spells.
Aiming: Magic Dart (safe; 1% risk of failure)
Press: ? - help, Shift-Dir - straight line, f/p - centaur
Aim: a centaur, wielding a shortbow (lightly wounded)
The magic dart hits the centaur.
The centaur is moderately wounded.
The centaur shoots an arrow.
The arrow hits you!
You die...

#......##.. #......##..
.... #......##.. .......
#......##†. # ...... #
#......##.. .
#...########.(#.........
.
..............+.........
# #.#.....# #.#.........
# #########.#...@.#
#...........
###.......c.......#
##..........
............).)[..#
#..........
..........#.#..<..#
##.........
..........#.#.....#
#..###....
......)...#.#.....#
##.###....
..........#.#.....#
#..##....
..........#.##..#####
##>######
###'#######..)......#
#.#


You could see a centaur.

Vanquished Creatures
  A howler monkey (D:3)
  2 adders (D:2)
  An ooze (D:2)
  3 worms
  3 dart slugs
  5 leopard geckos
  6 orcs
  3 giant cockroaches
  4 goblins
  5 hobgoblins
  2 jackals
  9 kobolds
  9 bats
  5 frilled lizards
  8 rats
66 creatures vanquished.

Vanquished Creatures (others)
  A plant (D:2)
1 creature vanquished.

Grand Total: 67 creatures vanquished

Notes
Turn   | Place    | Note
-------+----------+-------------------------------------------
     0 | D:1      | JedernureinKreuz the Deep Elf Conjurer began the quest for
                  | the Orb.
     0 | D:1      | Reached XP level 1. HP: 10/10 MP: 6/6
   210 | D:1      | Reached XP level 2. HP: 15/15 MP: 2/8
   720 | D:2      | Reached XP level 3. HP: 19/19 MP: 6/9
   726 | D:2      | Reached skill level 1 in Short Blades
   993 | D:2      | Found a glowing silver altar of Zin.
  1002 | D:2      | Found a snail-covered altar of Cheibriados.
  1002 | D:2      | Found a deep blue altar of Sif Muna.
  1002 | D:2      | Found a bloodstained altar of Trog.
  1022 | D:2      | Became a worshipper of Sif Muna the Loreminder
  1099 | D:2      | Reached XP level 4. HP: 24/24 MP: 2/11
  1654 | D:3      | Reached skill level 5 in Conjurations
  1754 | D:2      | Reached XP level 5. HP: 25/28 MP: 2/13
  1966 | D:3      | Noticed a centaur
  1968 | D:3      | HP: 1/28 [centaur/arrow (13)]
  1969 | D:3      | Shot with an arrow by a centaur

Skill      XL: |  1  2  3  4 |
---------------+-------------+-----
Stealth        | 3 |  3.7
Short Blades   | 1 |  1.7
Dodging        | 3 |  3.6
Spellcasting   | 4 |  4.2
Conjurations   | 5 |  5.0

Action                   |  1- 3 |  4- 6 || total
-------------------------+-------+-------++-------
Melee: Short sword       |     6 |     4 ||    10
 Cast: Magic Dart        |    76 |    70 ||   146
  Eat: Chunk             |       |     3 ||     3
Armor: Robe              |     5 |     4 ||     9
Dodge: Dodged            |    16 |    14 ||    30
